AoeStats
← davidbanegasr

Arena

507764417Analyzed
3v3 RM · 12d ago on Sep 19, 2026· 27m 31s· 6 players
Game mode
Random Map
Map size
Normal (6 player)
Population
200
Speed
Normal
Resources
Standard
Victory
Conquest
Starting age
Dark Age
Ending age
Imperial Age
RankedLock teamsTeams togetherTeam positionsShared explorationLock speedFull tech treeHidden civsTurbo modeCheats
Victory
Defeat
🇦🇺 Muisca · Australia
694
+16
🇺🇸 Georgians · United States
687
+17
🇨🇴 Byzantines · Colombia
669
+17
🇫🇷 Inca · France
729
-18
🇧🇴 Teutons · Bolivia
715
-17
🇲🇽 Aztecs · Mexico
666
-15
paluncic
10:07 Feudal Age
10:13 Feudal Age
12:33 Horse Collar
13:01 Double-Bit Axe
16:24 Bloodlines
22:17 Castle Age
21:36 Scale Barding Armor
21:42 Forging
24:18 Heavy Plow
24:31 Bow Saw
25:08 Husbandry
24:31 Light Cavalry
27:16 Iron Casting
28:05 Caravan
TackierMold36
10:34 Feudal Age
11:57 Double-Bit Axe
12:12 Horse Collar
13:40 Wheelbarrow
18:50 Forging
18:40 Scale Mail Armor
20:55 Castle Age
19:43 Gold Mining
19:46 Stone Mining
20:32 Fletching
21:17 Pikeman
21:57 Elite Skirmisher
23:49 Arson
24:50 Squires
26:02 Bodkin Arrow
27:10 Hand Cart
xluisfer9319
10:19 Feudal Age
13:51 Champi Runner
16:16 Double-Bit Axe
20:35 Castle Age
18:24 Horse Collar
pjanic1520
12:18 Feudal Age
15:15 Town Watch
18:00 Castle Age
16:22 Loom
17:12 Wheelbarrow
17:10 Double-Bit Axe
17:16 Horse Collar
17:37 Gold Mining
21:57 Bow Saw
21:49 Heavy Plow
22:26 Gold Shaft Mining
thoji_fps
0:41 Loom
9:18 Feudal Age
10:03 Town Watch
12:14 Wheelbarrow
14:30 Double-Bit Axe
14:27 Horse Collar
22:38 Castle Age
21:27 Scale Mail Armor
21:28 Padded Archer Armor
21:29 Gold Mining
21:33 Stone Mining
23:28 Thumb Ring
22:44 Elite Skirmisher
23:18 Fletching
24:20 Town Patrol
24:44 Heavy Plow
25:02 Squires
25:44 Bodkin Arrow
27:01 Hand Cart
davidbanegasr
9:49 Feudal Age
11:16 Wheelbarrow
10:31 Double-Bit Axe
11:41 Horse Collar
21:10 Man-at-Arms
22:59 Forging
Connection lost

Rejoining the realm…

Still unreachable

The connection could not be restored.

Session expired

The server has moved on; the page needs a fresh start.